[Event "Early-Titled-Tuesday-Blitz-February-13-2024"]
[Site "Chess.com"]
[Date "2024.02.13"]
[Round "10"]
[White "Shahdad2007"]
[Black "KNVB"]
[Result "1/2-1/2"]
[WhiteElo "2521"]
[BlackElo "2854"]
[TimeControl "180+1"]
[EndTime "10:00:35 PST"]
[Termination "Game drawn by repetition"]

1. e4 d5 2. exd5 Qxd5 3. Nc3 Qe5+ 4. Be2 c6 5. d4 Qc7 6. Nf3 Bf5 7. O-O e6 8. Ne5 Nd7 9. Bf4 Bd6 10. Bf3 Nxe5 11.
dxe5 Bxe5 12. Bxe5 Qxe5 13. Re1 Qc7 14. Be4 Ne7 15. Qf3 O-O 16. Bxf5 Nxf5 17. Ne4 Rad8 18. c3 Rd5 19. Rad1 Rfd8 20. c4 R5d7 21. Nc5 Rxd1 22. Rxd1 b6 23. Ne4 h6 24. g3 c5 25. Rxd8+ Qxd8 26. Nc3 Qd2 27. Qe2 Qxe2 28. Nxe2 Kf8 29. Nc3 Ke7 30. Kf1 Nd6 31. b3 f5 32. Ke2 g5 33.
h3 Kf6 34. Kd3 h5 35. Ke3 g4 36. h4 e5 37. Nd5+ Ke6 38. Nc7+ Kd7 39. Nd5 Ke6 40. Nc7+ Kf7 41. Nd5 Ne8 42. Nc3 Ke6 43. Nd5 Kd6 44. Nc3 Nf6 45. Nb5+ Kd7 46. Nxa7 Ne4 47.
Nb5 Nf6 48. Nc3 Kd6 49. a3 Ke6 50. b4 Kd6 51. Nb5+ Kc6 52. Nc3 Kc7 53. bxc5 bxc5 54. a4 Kc6 55. a5 Ne8 56. Nd5 Nd6 57. Kd3 Kb7 58. Nf6 f4 59. Nxh5 Nf5 60. gxf4 exf4 61. Nxf4 Nxh4 62. Ne6 Kc6 63. a6 Nf3 64. Nxc5 Ne5+ 65.
Kd4 Nf3+ 66. Ke3 Kb6 67. Nd7+ Kxa6 68. Kf4 Nd2 69. c5 Kb5 70. Kxg4 Kc6 71. Ne5+ Kxc5 72. f4 Kd5 73. Kf5 Kd6 74. Kf6 Ne4+ 75. Kg6 Ng3 76. Nf3 Kd5 77. Ng5 Kd6 78. Nf7+ Ke7 79. Ng5 Kf8 80. Nf3 Kg8 81. Ne5 Kf8 82. Nd7+ Ke7 83. Nf6 Kf8 84. Kg5 Kf7 85. Nh5 Nxh5 86. Kxh5 Kf6 87.
Kg4 Kg6 88. f5+ Kf6 89. Kf4 Kf7 90. Ke4 Kf6 91. Kf4 Kf7 92. Kg5 Kg7 93. Kg4 Kf6 94. Kf4 1/2-1/2

[Event "Early-Titled-Tuesday-Blitz-February-13-2024"]
[Site "Chess.com"]
[Date "2024.02.13"]
[Round "10"]
[White "ccccvhhhj"]
[Black "davigator"]
[Result "1-0"]
[WhiteElo "2495"]
[BlackElo "2334"]
[TimeControl "180+1"]
[EndTime "10:00:35 PST"]
[Termination "ccccvhhhj won by resignation"]

1. d4 Nf6 2. Bg5 e6 3. e4 d5 4. e5 h6 5. Bh4 g5 6. Bg3 Ne4 7. Nd2 Nxg3 8. hxg3 c5 9. Ngf3 cxd4 10. Nxd4 Bd7 11. Bd3 Nc6 12. Nxc6 bxc6 13. O-O Qc7 14. f4 Qb6+ 15. Kh2 Qxb2 16. Rb1 Qd4 17. Rb7 gxf4 18. gxf4 Be7 19. Nb3 Qa4 20. f5 Qh4+ 21. Kg1 Rg8 22. Qf3 Qg3 23. fxe6 Bxe6 24. Rxe7+ Kxe7 25.
Qf6+ Kd7 26. Rf2 Qg5 27. Nc5+ Kc8 28. Ba6+ Kc7 29. Nxe6+ fxe6 30. Qf7+ Kb6 31. Qb7+ Kc5 32. Bf1 Rgb8 33. Qd7 Rd8 34. Qxe6 Rab8 35. Rf3 Rb4 36.
Ra3 Rb7 37. Rc3+ Kd4 38. Qxc6 Rb4 39. Qc5+ Kxe5 40. Qxb4 Qf4 41. Qxf4+ Kxf4 42. Rf3+ Ke5 43. Rd3 d4 44. Rb3 Rc8 45. Bd3 Rc7 46. Rb5+ Kf4 47. Rh5 Rc6 48. Kf2 Rf6 49. Ra5 a6 50. Rxa6 Rf8 51.
Rxh6 Ke5+ 52. Kg1 Rb8 53. a4 Kf4 54. a5 Kg3 55. Rg6+ Kf4 56. a6 Rb1+ 57. Kf2 Ra1 58.
Rg7 Ke5 59. a7 Kf6 60. Rb7 Ke5 61. Rc7 Kd6 62. Rh7 Ke5 63. g4 Kf4 64. Rg7 Ra2 65. g5 Ke5 66. g6 Kf6 67. Rf7+ Ke6 68. Rb7 Kf6 69. g7 Ra1 70. g8=Q Rf1+ 71. Kxf1 1-0

[Event "Early-Titled-Tuesday-Blitz-February-13-2024"]
[Site "Chess.com"]
[Date "2024.02.13"]
[Round "10"]
[White "Mikasinski"]
[Black "malakismayil"]
[Result "0-1"]
[WhiteElo "2635"]
[BlackElo "2532"]
[TimeControl "180+1"]
[EndTime "10:00:36 PST"]
[Termination "malakismayil won on time"]

1. e4 e5 2. Nf3 Nc6 3. Nc3 Nf6 4. Bb5 d6 5. d4 exd4 6. Nxd4 Bd7 7. Bxc6 bxc6 8. Qf3 c5 9. Nf5 Bxf5 10. exf5 Be7 11. b3 O-O 12. Bb2 Nd7 13. Nd5 Bf6 14. Nxf6+ Nxf6 15. O-O-O Nd7 16. g4 f6 17. Rhe1 Ne5 18.
Bxe5 fxe5 19. Rxe5 Qf6 20. Qd5+ Kh8 21. Re4 Qa1+ 22.
Kd2 Qxa2 23. g5 Rae8 24. Rde1 Rxe4 25. Rxe4 Qa5+ 26. b4 Qa1 27. bxc5 Qg1 28. cxd6 Qxg5+ 29. f4 Qg2+ 30. Kc3 cxd6 31. Qxd6 Rc8+ 32. Rc4 Rxc4+ 33.
Kxc4 Qxc2+ 34. Kb4 Qb1+ 35. Kc3 Qc1+ 36. Kb3 Qb1+ 37. Ka3 h6 38. Qe5 Qb6 39. Qe8+ Kh7 40.
Qe4 Qf6 41. h3 h5 42. Ka4 Kh6 43. Kb5 Qb6+ 44. Ka4 Qa6+ 45. Kb4 Qd6+ 46. Kc3 Qc5+ 47. Kd2 Qf2+ 48. Kd3 Qf1+ 49. Kc3 Qa1+ 50. Kb3 Qd1+ 51. Kb4 Qd6+ 52. Kb5 Qb6+ 53. Ka4 h4 54. Qe5 Qc6+ 55.
Kb3 Qf6 56. Qe4 Qf7+ 57. Kc3 Qc7+ 58. Kd3 Qb6 59. Qe5 Qa6+ 60. Kd2 Qa2+ 61. Ke3 Qb3+ 62. Kf2 Qb6+ 63. Kf3 Qf6 64. Qe8 Qc3+ 65. Ke4 Qe1+ 66.
Kd5 Qxe8 0-1

[Event "Early-Titled-Tuesday-Blitz-February-13-2024"]
[Site "Chess.com"]
[Date "2024.02.13"]
[Round "10"]
[White "NastyaHn"]
[Black "Manukyan_Artak"]
[Result "0-1"]
[WhiteElo "2392"]
[BlackElo "2535"]
[TimeControl "180+1"]
[EndTime "10:00:39 PST"]
[Termination "Manukyan_Artak won on time"]

1. Nc3 e5 2. Nf3 Nc6 3. d4 exd4 4. Nxd4 Bc5 5. Nb3 Bb6 6. Bf4 d6 7. e3 Nf6 8. Bd3 Bg4 9. f3 Bh5 10. g4 Bg6 11. Qd2 a5 12. a4 Nb4 13. Bxg6 hxg6 14. O-O-O Qe7 15. Kb1 O-O-O 16. g5 Nh5 17. Nd5 Nxd5 18.
Qxd5 Nxf4 19. exf4 c6 20. Qd2 Qe3 21. Rhe1 Qxd2 22. Rxd2 Rh4 23. Re7 Rxf4 24. Rd3 d5 25. Nc1 Rd7 26. Re8+ Kc7 27. Rg8 Rxa4 28. Rxg7 Rh4 29.
Rd2 Be3 30. Re2 Bxg5 31. Nd3 Bf6 32. Rg8 Rd8 33. Rxd8 Bxd8 34. Ne5 Rf4 35. Re3 Rf5 36. Nd3 Bg5 37. f4 Bxf4 38. Re7+ Kb6 39. h4 c5 40. b3 Bd6 41. Re8 Kc6 42. Nb2 b5 43. c4 dxc4 44. bxc4 Rf1+ 45. Ka2 b4 46. Rc8+ Kd7 47.
Ra8 Rf2 48. Kb3 Rf3+ 49. Ka4 Ra3+ 50. Kb5 b3 51. Ra7+ Ke6 52. Kc6 Ra2 53. Nd3 a4 54.
Rb7 Rc2 55. Rd7 Rxc4 56. Rxd6+ Ke7 57. Rd7+ Kf8 58. Rb7 Rxh4 59. Nxc5 Rc4 60. Kd6 Kg7 61. Ne6+ Kf6 62. Nd8 Kg5 63. Nxf7+ Kh4 64. Ne5 Rc2 65.
Ke6 b2 66. Nxg6+ Kg3 67. Ne5 a3 68. Nd3 a2 0-1

[Event "Early-Titled-Tuesday-Blitz-February-13-2024"]
[Site "Chess.com"]
[Date "2024.02.13"]
[Round "10"]
[White "Predator0608"]
[Black "Rurep26"]
[Result "1-0"]
[WhiteElo "2594"]
[BlackElo "2713"]
[TimeControl "180+1"]
[EndTime "10:00:42 PST"]
[Termination "Predator0608 won by resignation"]

1. f4 d5 2. Nf3 Nf6 3. g3 Bf5 4. Bg2 e6 5. O-O h6 6. d3 Bc5+ 7. Kh1 Ng4 8. d4 Bb6 9. Ne5 h5 10. h3 h4 11. Nxg4 Bxg4 12. hxg4 hxg3+ 13. Kg1 Qh4 14. Re1 Nd7 15. e3 Nf6 16. g5 Ne4 17. Nc3 Nf2 18.
Qf3 O-O-O 19. a4 c6 20. a5 Bc7 21. a6 b6 22. Bd2 f6 23. g6 Rh6 24. Nd1 Qh2+ 25.
Kf1 Ne4 26. Bc3 Rdh8 27. Ke2 Qh5 28. Rg1 Qxg6 29. Rc1 Rh2 30. Be1 f5 31. Nc3 R8h3 32. Qf1 Qh5+ 33. Qf3 Qg6 34. Qf1 Bd6 35. Qf3 Bb4 36. Qf1 Bxc3 37. bxc3 Nf6 38. Qf3 Ne4 39. Kd1 Qf6 40. Bxh3 Rxh3 41. Rb1 g5 42. Rb3 g4 43. Qf1 Rh2 44. Kc1 Qg6 45. Bxg3 Rh3 46. Be1 Qh5 47. c4 Rf3 48. Qe2 Rh3 49. cxd5 exd5 50. c4 Rh2 51.
Rg2 Rh1 52. cxd5 Qh4 53. Kd1 Qh3 54. dxc6 g3 55. Qc4 Rxe1+ 56. Kxe1 Qh1+ 57. Qf1 Qh5 58. Qe2 Qf7 59. d5 Qxd5 60. Rd3 Qa5+ 61. Kf1 Qa1+ 62. Rd1 Qc3 63. Qd3 Qxd3+ 64. Rxd3 Kc7 65. Rd4 Kxc6 66. Rxe4 1-0

[Event "Early-Titled-Tuesday-Blitz-February-13-2024"]
[Site "Chess.com"]
[Date "2024.02.13"]
[Round "10"]
[White "AsaHoffmann"]
[Black "RandomNoob04"]
[Result "0-1"]
[WhiteElo "2420"]
[BlackElo "2591"]
[TimeControl "180+1"]
[EndTime "10:00:42 PST"]
[Termination "RandomNoob04 won by checkmate"]

1. d4 Nf6 2. Bg5 g6 3. Nc3 d5 4. f3 Bg7 5. e4 dxe4 6. fxe4 O-O 7. Nf3 c5 8. d5 b5 9. e5 Ng4 10. d6 f6 11. Qd5+ Kh8 12. Bd2 Qb6 13. dxe7 Re8 14. Bxb5 Bb7 15. Qd6 Nc6 16. O-O-O Ncxe5 17. Qxb6 axb6 18. Bxe8 Rxe8 19. Nxe5 Nxe5 20. Rhe1 Rxe7 21. Bf4 Kg8 22. Nd5 Bxd5 23. Bxe5 Bxg2 24. Bd6 Ra7 25. a3 Kf7 26. h4 h5 27. Bb8 Rb7 28. Rd8 g5 29.
Bg3 Bh6 30. Kb1 f5 31. Red1 f4 32. hxg5 Bxg5 33. Bf2 Bxd8 34. Rxd8 Kg6 35. Rd6+ Kf5 36. Rh6 Kg4 37. Rg6+ Kf3 38. Bh4 Bh3 39. Rf6 Bg4 40. Bg5 Kg3 41. Bxf4+ Kg2 42. Bg5 Kg3 43. b3 h4 44. Rf1 Kg2 45. Re1 h3 46. Bf4 h2 47.
Bxh2 Kxh2 48. Re5 Kg3 49. Kb2 Kf4 50. Re8 Bf5 51. b4 cxb4 52. axb4 Kg5 53. c4 Kf6 54. Kc3 Bd7 55. Rf8+ Ke7 56. Rf4 Rc7 57. Kd4 Kd6 58.
c5+ bxc5+ 59. bxc5+ Kc6 60. Rf6+ Kb7 61. Kd5 Bc6+ 62. Kd4 Re7 63. Rd6 Re4+ 64. Kd3 Re1 65. Kd2 Re5 66. Kd3 Rxc5 67. Kd4 Rc1 68. Re6 Kc7 69.
Rf6 Kd7 70. Rg6 Ra1 71. Rg7+ Kd6 72. Rg6+ Kc7 73. Rg7+ Kb6 74. Rg6 Rd1+ 75. Kc3 Kc5 76. Rf6 Rh1 77. Rf5+ Bd5 78. Rf2 Rh3+ 79. Kd2 Kd4 80.
Re2 Ra3 81. Ke1 Bf3 82. Rd2+ Ke3 83. Rd1 Bxd1 84. Kxd1 Rc3 85. Ke1 Rc1# 0-1

[Event "Early-Titled-Tuesday-Blitz-February-13-2024"]
[Site "Chess.com"]
[Date "2024.02.13"]
[Round "10"]
[White "Let_it_be_1"]
[Black "EsmeraldasAnderson03"]
[Result "1/2-1/2"]
[WhiteElo "2556"]
[BlackElo "2411"]
[TimeControl "180+1"]
[EndTime "10:00:45 PST"]
[Termination "Game drawn by repetition"]

1. e4 c5 2. Nf3 d6 3. d4 cxd4 4. Nxd4 Nf6 5. Nc3 a6 6. Be2 e5 7. Nb3 Be7 8. O-O O-O 9. Kh1 Nc6 10. f4 exf4 11. Bxf4 Ne5 12. Qe1 Be6 13. Rd1 Qb6 14. Qg3 Qc7 15. Nd4 Kh8 16. Bg5 b5 17. a3 Rab8 18. Nf5 Bxf5 19. Rxf5 Ng8 20. Nd5 Qb7 21. Bf4 Rbe8 22. Bxe5 dxe5 23. Nxe7 Rxe7 24. Rxe5 Rxe5 25. Qxe5 Nf6 26. Bf3 Re8 27. Qf5 Qe7 28. h3 g6 29. Qf4 Kg7 30. Rd6 Nxe4 31. Bxe4 Qxe4 32. Qxe4 Rxe4 33. Rxa6 Re2 34. Rc6 Re1+ 35. Kh2 Rb1 36. b3 Ra1 37. Rc5 Rxa3 38. Rxb5 Ra2 39. c4 f5 40. Kg3 Kf6 41. h4 Rc2 42. c5 Ke5 43. b4 Rc3+ 44. Kh2 f4 45. Rb8 Rc2 46. Rf8 Rb2 47. c6 Kd6 48. Rxf4 Kxc6 49. Rf7 Rxb4 50. Rxh7 Kd5 51. Kg3 Ke5 52. Rf7 Ra4 53.
Rf3 Ke6 54. Kh3 Ke5 55. g3 Ke6 56. g4 Ke5 57. g5 Rf4 58. Kg3 Rd4 59. Rf6 Rd3+ 60.
Kg4 Rd4+ 61. Kg3 Rd3+ 62. Rf3 Rd4 63. Re3+ Kf5 64. Rf3+ Ke5 1/2-1/2

[Event "Early-Titled-Tuesday-Blitz-February-13-2024"]
[Site "Chess.com"]
[Date "2024.02.13"]
[Round "10"]
[White "Crazy_girl99"]
[Black "CFalcons8"]
[Result "1-0"]
[WhiteElo "2599"]
[BlackElo "2396"]
[TimeControl "180+1"]
[EndTime "10:00:46 PST"]
[Termination "Crazy_girl99 won by resignation"]

1. e4 e5 2. Nf3 Nc6 3. Bb5 a6 4.
Ba4 Nf6 5. O-O Be7 6. d3 b5 7. Bb3 O-O 8. h3 Bb7 9. c3 d6 10. Re1 Na5 11. Bc2 c5 12. Nbd2 Qc7 13.
Nf1 Rfe8 14. Ng3 Bf8 15. Bg5 Nd7 16. Nf5 g6 17. Nh6+ Kg7 18. Qd2 f6 19. Be3 d5 20.
Ng4 dxe4 21. dxe4 Nc4 22. Bh6+ Kh8 23. Qc1 Bxh6 24. Nxh6 Rad8 25. Nf7+ Kg7 26. Nxd8 Rxd8 27. b3 Nd6 28. Nh2 Nf8 29. Ng4 Qe7 30. Qh6+ Kg8 31.
Rad1 Bc8 32. Qe3 Bxg4 33. hxg4 Ne6 34. Rd5 Nf4 35. Rxc5 Qe6 36. f3 Nf7 37. b4 h5 38.
Bb3 Qe7 39. gxh5 gxh5 40. Rc6 Kh7 41. Qb6 Rd7 42. Rxf6 Nd6 43. Rxf4 exf4 44. e5 Nc4 45. Bc2+ Kg8 46. Qg6+ Kf8 47. Qxh5 Qg7 48. e6 Re7 49. Re4 Ne3 50. Rxf4+ Kg8 51. Qg6 Qxg6 52. Bxg6 Nd5 53. Bf7+ Kg7 54. Rg4+ Kf6 55. c4 Nxb4 56. cxb5 Nxa2 57.
bxa6 Nc3 58. Rc4 Nd5 59. Ra4 Ra7 60. Kf2 Nc7 61. g4 Nd5 62. Kg3 Nb6 63. Ra1 Nc4 64. f4 Nd6 65. g5+ Kf5 66. Ra5+ Ke4 67. Re5+ Kd4 68. e7 Rxe7 69. Rxe7 1-0

[Event "Early-Titled-Tuesday-Blitz-February-13-2024"]
[Site "Chess.com"]
[Date "2024.02.13"]
[Round "10"]
[White "JoliyRoger"]
[Black "Aslanov_Umid"]
[Result "1-0"]
[WhiteElo "2541"]
[BlackElo "2664"]
[TimeControl "180+1"]
[EndTime "10:00:48 PST"]
[Termination "JoliyRoger won by checkmate"]

1. d4 d5 2. Nf3 Nf6 3. c4 e6 4. e3 Be7 5. Nc3 O-O 6. b3 b6 7. Bb2 Bb7 8. Bd3 c5 9. O-O h6 10. cxd5 exd5 11. Qe2 Nbd7 12. Rfd1 a6 13. Rac1 Qb8 14.
Bf5 Rd8 15. Na4 Qa7 16. Ne5 c4 17. bxc4 dxc4 18. Qxc4 Bd5 19. Qe2 Qb7 20. f3 Bxa2 21.
Bxd7 Nxd7 22. Nc6 Re8 23. Nxe7+ Rxe7 24. Ba3 Bb3 25. Bxe7 Bxa4 26. Re1 Re8 27. Bd6 Bb5 28. Qf2 Nf6 29. e4 Qd7 30. Be5 Nh7 31. Rc7 Qd8 32.
Rec1 a5 33. h3 a4 34. Ra7 Qg5 35. f4 Qg6 36. f5 Qg5 37. Bf4 Qf6 38. Rcc7 Ng5 39.
Bxg5 Qxg5 40. Rxf7 a3 41. Rxg7+ Qxg7 42. Rxg7+ Kxg7 43. Qg3+ Kf7 44. Qxa3 Bc4 45. Qa7+ Kf8 46. Qxb6 Rxe4 47.
Qc5+ Kf7 48. Qxc4+ Kf6 49. Qd5 Rf4 50. Kh1 Rxf5 51.
Qd6+ Kg5 52. d5 Kh5 53. Qe6 Rg5 54. Kh2 Kh4 55. Qe4+ Kh5 56. d6 Rg8 57. Qf3+ Kg6 58. Qg4+ Kf7 59. Qxg8+ Kxg8 60. d7 Kg7 61. d8=Q Kg6 62.
Qd4 Kh5 63. h4 Kg6 64. g4 h5 65. g5 Kh7 66. Qd7+ Kg6 67. Qe6+ Kg7 68. Qh6+ Kg8 69. Qxh5 Kg7 70. Qe2 Kg6 71. Kg3 Kf5 72. Qa6 Ke5 73. g6 Kf5 74. g7 Ke5 75. g8=Q Kf5 76. h5 Ke5 77. h6 Kf5 78. h7 Ke5 79. h8=Q+ Kf5 80.
Qgg6# 1-0

[Event "Early-Titled-Tuesday-Blitz-February-13-2024"]
[Site "Chess.com"]
[Date "2024.02.13"]
[Round "10"]
[White "WilsonPalencia21"]
[Black "KhazhatulyAlikhan"]
[Result "0-1"]
[WhiteElo "2566"]
[BlackElo "2427"]
[TimeControl "180+1"]
[EndTime "10:00:51 PST"]
[Termination "KhazhatulyAlikhan won on time"]

1. d4 d5 2. c4 e6 3. Nf3 Nf6 4. Nc3 Be7 5. Bg5 O-O 6. e3 dxc4 7. Bxc4 h6 8. Bxf6 Bxf6 9. Qc2 Nd7 10. O-O c5 11.
Ne4 cxd4 12. Nxf6+ Nxf6 13. Nxd4 Bd7 14. Qb3 b6 15.
Rfd1 Qe7 16. Be2 e5 17. Nb5 Bxb5 18. Bxb5 Rac8 19. Ba6 Rc7 20. Rac1 Rd8 21. Rxc7 Qxc7 22. Rxd8+ Qxd8 23. Qd3 Qxd3 24. Bxd3 Kf8 25. a3 Ke7 26. Kf1 Nd7 27. Ke2 Kd6 28. b4 a5 29. Bc4 axb4 30. axb4 f6 31. Kd3 f5 32. f4 Nf6 33.
h3 exf4 34. exf4 b5 35. Bxb5 Nd5 36. Kd4 Nxb4 37. g4 Nd5 38. gxf5 Nxf4 39. h4 Nh5 40.
Ke4 Nf6+ 41. Kf4 Nd5+ 42. Kg4 Ke5 43. Bd3 Ne3+ 44. Kh5 Kf6 45. Be4 Nf1 46. Kg4 Nd2 47.
Bd5 Nb1 48. Kf4 Nc3 49. Bc6 Ne2+ 50. Kg4 Nd4 51. Be4 Ke5 52. Bd3 Kf6 53. Kf4 Nc6 54. Be4 Ne7 55. Bc2 Nd5+ 56. Ke4 Ne7 57. Kf4 Nd5+ 58.
Kf3 Ne7 59. Kg4 Ke5 60. Bd3 Nd5 61. Kh5 Nf4+ 62. Kg4 Nxd3 63. f6 Kxf6 64. Kf3 Ne5+ 65. Ke4 Nf7 66. Kf4 Nd8 67. Ke4 Ne6 68. Kd5 Kf5 69. Kd6 g5 70. Ke7 gxh4 71. Kf7 h3 72.
Kg8 h2 73. Kh8 h1=Q 0-1

[Event "Early-Titled-Tuesday-Blitz-February-13-2024"]
[Site "Chess.com"]
[Date "2024.02.13"]
[Round "10"]
[White "maxip32"]
[Black "FARIZA2018"]
[Result "1/2-1/2"]
[WhiteElo "2666"]
[BlackElo "2536"]
[TimeControl "180+1"]
[EndTime "10:00:52 PST"]
[Termination "Game drawn - insufficient material"]

1. e4 e5 2. Nf3 Nf6 3. Nxe5 d6 4. Nd3 Nxe4 5. Qe2 Qe7 6. Nf4 c6 7. d4 d5 8. h4 Nd7 9. Nd2 Nxd2 10. Bxd2 Nf6 11. f3 Qxe2+ 12. Bxe2 h5 13. Kf2 Bd6 14. Rhe1 O-O 15. Nd3 Bf5 16. Bg5 Be7 17. Bf1 Rfe8 18. c3 Kf8 19. Nf4 g6 20. g3 Nh7 21.
Bh6+ Kg8 22. Re3 Bf6 23. Rae1 Bd7 24. Bd3 Rxe3 25. Rxe3 Re8 26. a4 Rxe3 27. Kxe3 a5 28. b4 Bd8 29. Bc2 Bc7 30. Kf2 Be8 31. Nd3 b5 32.
Nc5 axb4 33. cxb4 bxa4 34. Bxa4 Bb6 35. Bg5 Nxg5 36. hxg5 Kf8 37. Ke3 Ke7 38. Nd3 Kd6 39. Ne5 Bd8 40. f4 Bb6 41. Bd1 Bd8 42. Be2 Be7 43.
Kd3 Kc7 44. Ke3 Bxb4 45. f5 gxf5 46. Bxh5 c5 47. Bxf7 cxd4+ 48. Kxd4 Kd6 49. Nc4+ dxc4 50. Bxe8 Bd2 51. g6 Bh6 52. Kxc4 Ke5 53. Kc5 Bg7 54. Kc6 f4 55. gxf4+ Kxf4 56. Kd7 Kg5 57. Ke7 Kh6 58. Kf7 Bc3 59. Bd7 Bb2 60. Bh3 Bc3 61. Bf1 Bd4 62.
Bc4 Be5 63. Bd3 Bc3 64. Kg8 Bg7 65. Kf7 Bc3 66. Ke6 Bb2 67. Kd5 Bg7 68. Ke6 Bc3 69. Bf5 Bd4 70. Kd5 Bb2 71. Ke6 Bg7 72. Kf7 Bb2 73.
g7 Bxg7 1/2-1/2

[Event "Early-Titled-Tuesday-Blitz-February-13-2024"]
[Site "Chess.com"]
[Date "2024.02.13"]
[Round "10"]
[White "winniethepooh04"]
[Black "inagreV"]
[Result "0-1"]
[WhiteElo "2525"]
[BlackElo "2380"]
[TimeControl "180+1"]
[EndTime "10:00:53 PST"]
[Termination "inagreV won by checkmate"]

1. d4 Nf6 2. Nf3 g6 3. Bf4 Bg7 4. e3 O-O 5. Be2 b6 6. O-O Bb7 7. c4 d6 8. h3 Nbd7 9. Nc3 Ne4 10. Nxe4 Bxe4 11. Nd2 Bb7 12. Bf3 Bxf3 13. Nxf3 e5 14. Bh2 Qe7 15. Rc1 f5 16. b4 a5 17.
a3 axb4 18. axb4 g5 19. dxe5 dxe5 20. Qd5+ Kh8 21. Rfd1 Rad8 22. Qc6 e4 23. Nxg5 Ne5 24.
Bxe5 Bxe5 25. Rxd8 Rxd8 26. Qe6 Qxe6 27. Nxe6 Rd2 28.
c5 Kg8 29. g3 Kf7 30. Ng5+ Kg6 31. h4 bxc5 32. bxc5 Kh5 33. c6 h6 34. Ne6 Kg4 35.
Kg2 Bxg3 36. Rf1 Bd6 37. Ng7 Rc2 38. Ne8 Rxc6 39. Rh1 Be5 40. Rd1 Kxh4 41. Rd7 Re6 42. Nxc7 Rg6+ 43. Kh1 Kh3 44. Ne8 Ra6 45. Rd1 Ra8 46.
Kg1 Rxe8 47. Kf1 Rg8 48. Ke2 Kh2 49. Rd7 Bf6 50. Rf7 Bg5 51. Rxf5 Re8 52. Rf7 Kh3 53.
Rh7 Kg4 54. Rf7 h5 55. Kf1 h4 56. Kg2 h3+ 57. Kh2 Re5 58. Rh7 Rf5 59. Kg1 Bh4 60. Rg7+ Rg5 61. Re7 Kf3+ 62. Kh2 Bxf2 63. Rf7+ Kxe3 64.
Kxh3 Ke2 65. Re7 e3 66. Rf7 Rg3+ 67. Kh2 Rg8 68. Rd7 Kf1 69. Rd1+ Be1 70. Rd3 e2 71. Rf3+ Bf2 72. Rh3 Bg1+ 73. Kh1 e1=Q 74. Re3 Qh4+ 75.
Rh3 Qxh3# 0-1

[Event "Early-Titled-Tuesday-Blitz-February-13-2024"]
[Site "Chess.com"]
[Date "2024.02.13"]
[Round "10"]
[White "Keeper0416"]
[Black "Quattroporte300"]
[Result "1-0"]
[WhiteElo "2584"]
[BlackElo "2420"]
[TimeControl "180+1"]
[EndTime "10:00:54 PST"]
[Termination "Keeper0416 won on time"]

1. e4 c5 2. d4 cxd4 3. c3 dxc3 4. Nxc3 Nc6 5. Nf3 d6 6. Bc4 e6 7. O-O Nf6 8. Qe2 Be7 9. Rd1 e5 10. h3 O-O 11. Bg5 Be6 12. Bxf6 Bxf6 13. Nb5 Be7 14.
Rac1 a6 15. Na3 Rc8 16. Qe3 b5 17. Bxe6 fxe6 18. Qb3 Qd7 19. Rxc6 Qxc6 20. Qxe6+ Rf7 21. Nb1 Bf6 22. Nc3 Qe8 23. Qxd6 Rd8 24. Qxa6 Rxd1+ 25. Nxd1 Rc7 26. Nc3 Qc6 27. Qa5 h6 28. Kh2 Rb7 29.
Nd5 Kh7 30. b3 Rf7 31. Qd2 Rd7 32. g3 Qe6 33. Kg2 Rf7 34. Qd3 Qc6 35. h4 Qc5 36. Ne3 Be7 37. Nd5 Bf8 38. Qe2 Qd6 39. a4 bxa4 40.
bxa4 Ra7 41. Qc2 Qa6 42. Nxe5 Qxa4 43. Qc8 Qxe4+ 44. Nf3 Rf7 45. Nf4 g5 46. hxg5 hxg5 47. Qh3+ Kg8 48. Qg4 Rxf4 49. Qxg5+ Kf7 50. Qxf4+ Qxf4 51. gxf4 Bd6 52. Kh3 Kg6 53. Kg4 Kf6 54. Nh4 Bc7 55. f5 Bb6 56. f3 Be3 57. Ng2 Bd2 58. Nf4 Bc1 59. Nd3 Bd2 60. Nc5 Be3 61. Ne4+ Kf7 62. f6 Bh6 63. Kf5 Bf8 64. Ng5+ Kg8 65. Kg6 Kh8 66. Nf7+ Kg8 67. Ne5 Kh8 68. f4 Kg8 69.
f7+ Kh8 70. Kf6 Bg7+ 71. Ke7 Bh6 72. f5 Kh7 73. f6 1-0

[Event "Early-Titled-Tuesday-Blitz-February-13-2024"]
[Site "Chess.com"]
[Date "2024.02.13"]
[Round "10"]
[White "Kopytkin"]
[Black "DeArron_Fox"]
[Result "0-1"]
[WhiteElo "2382"]
[BlackElo "2514"]
[TimeControl "180+1"]
[EndTime "10:00:58 PST"]
[Termination "DeArron_Fox won on time"]

1. e4 c5 2. Nf3 e6 3. c3 d5 4. exd5 Qxd5 5. Na3 Nf6 6. Nb5 Qd8 7. d4 a6 8. Na3 Nc6 9. Be2 cxd4 10. cxd4 Bb4+ 11.
Bd2 O-O 12. O-O Bxd2 13. Qxd2 b5 14. Rad1 Bb7 15. Rfe1 Qb6 16. Qf4 Rfd8 17. Qh4 h6 18.
Nc2 Rac8 19. Ne3 Ne7 20. Ne5 Ned5 21. N3g4 Nxg4 22. Nxg4 Qd6 23. Bf3 Qf4 24. Re5 Rc1 25.
Qxd8+ Kh7 26. Ree1 Rc2 27. Be4+ f5 28. Bxc2 Qxg4 29.
f3 Qg6 30. Qd6 Bc8 31. Qg3 Qf6 32. Qe5 Qg5 33. Qg3 Qf6 34. Re5 Nb4 35. Bb1 Nc6 36. d5 Nxe5 37. d6 Bd7 38. Qf4 Nc4 39. Qd4 Qxd4+ 40.
Rxd4 Nxb2 41. a3 Kg8 42. Ba2 Kf8 43. Rd2 Na4 44. Rc2 Nb6 45. Rc7 a5 46. Bb1 Ke8 47. Kf2 b4 48. axb4 axb4 49. Rb7 Nc4 50. Rxb4 Nxd6 51.
Rb8+ Ke7 52. Ba2 Nf7 53. Ra8 Ne5 54. Ra7 Nd3+ 55. Kg1 Nc5 56. Bc4 e5 57. Bb5 Kd6 58. Bxd7 Nxd7 59. Ra6+ Ke7 60. Ra7 Ke6 61. h4 g6 62. Kf2 Nf6 63. Ra6+ Kf7 64. g3 g5 65. hxg5 hxg5 66. Rb6 g4 67. Rb7+ Ke6 68. Rb6+ Ke7 69. Rb5 Ke6 70. Rb6+ Kf7 71. fxg4 Nxg4+ 72. Kg2 Ne3+ 73.
Kf3 Nd5 74. Ra6 e4+ 75. Kg2 Nf6 76. Kh3 Ng4 77. Kg2 e3 0-1

[Event "Early-Titled-Tuesday-Blitz-February-13-2024"]
[Site "Chess.com"]
[Date "2024.02.13"]
[Round "10"]
[White "ValentinDragnev"]
[Black "starworld123"]
[Result "1/2-1/2"]
[WhiteElo "2759"]
[BlackElo "2840"]
[TimeControl "180+1"]
[EndTime "10:01:15 PST"]
[Termination "Game drawn by repetition"]

1. e4 c5 2. Nc3 Nc6 3. Nf3 e5 4. Bc4 Be7 5. d3 d6 6. Nd2 Nf6 7. Nf1 Bg4 8. f3 Be6 9. Ne3 O-O 10. O-O Nd4 11. a4 Nd7 12. Ncd5 Nb6 13. c3 Nc6 14. a5 Nxc4 15. dxc4 Bg5 16. a6 b6 17. Qa4 Na5 18. Rd1 Qe8 19. Qa2 Bd8 20. b4 Nc6 21. b5 Ne7 22. Qe2 Nxd5 23. Nxd5 f5 24. exf5 Bxf5 25. Ne3 Qg6 26. Nxf5 Rxf5 27. Be3 Be7 28. Rd5 Raf8 29. Rf1 Rh5 30. Qd3 Qxd3 31. Rxd3 Rhf5 32. Rd5 g5 33. h3 h6 34. Bc1 Kf7 35.
g4 Rf6 36. Kg2 Ke6 37. Rd3 R6f7 38. Re1 Rh8 39. Be3 h5 40. Bf2 Rhf8 41. Bg3 h4 42.
Bh2 Rf6 43. Re4 R6f7 44. Rd2 Bd8 45. Rd3 Be7 46. Bg1 Rf6 47. Bf2 R6f7 48. Be1 Rf4 49. Rde3 R4f7 50. Bd2 Rf6 51. Rd3 R6f7 52. Bc1 Bf6 53.
Kf2 Be7 54. Ke2 Bf6 55. Bd2 Be7 56. Rde3 Bd8 57. Rd3 Be7 58. Be1 Rf4 59. Rde3 R4f7 60. Bd2 Kd7 61. Rd3 Kc7 62. Bc1 Bf6 63. Bd2 Rd8 64.
Bc1 Rfd7 65. Ree3 Re7 66. Rd5 Rf7 67. Re4 Rdf8 68. Rd3 Be7 69. Bd2 Bd8 70. Bc1 Be7 71. Bd2 Rd8 72. Bc1 Bf6 73. Ree3 Rfd7 74. Rd5 Rf8 75. Re4 Rdf7 76. Rd3 Be7 1/2-1/2

[Event "Early-Titled-Tuesday-Blitz-February-13-2024"]
[Site "Chess.com"]
[Date "2024.02.13"]
[Round "10"]
[White "JonasEilenberg"]
[Black "kylelancman"]
[Result "0-1"]
[WhiteElo "2583"]
[BlackElo "2457"]
[TimeControl "180+1"]
[EndTime "10:01:20 PST"]
[Termination "kylelancman won by checkmate"]

1. d4 d5 2. c4 e6 3. Nc3 Nf6 4. cxd5 Nxd5 5. e4 Nxc3 6. bxc3 c5 7. Rb1 Be7 8. Nf3 O-O 9. Bc4 Qc7 10. d5 exd5 11. exd5 Bg4 12. O-O Nd7 13. Re1 Bd6 14.
h3 Bh5 15. Bd3 Rae8 16. Bxh7+ Kxh7 17. Ng5+ Kg6 18. Qc2+ f5 19. Ne6 Kh7 20. g4 Bh2+ 21. Kg2 Qd6 22. gxh5 Qxd5+ 23. Kxh2 Rxe6 24. Rxe6 Qxe6 25. Bf4 Qe4 26. Qxe4 fxe4 27. Bg3 b6 28. Rd1 Nf6 29.
Rd6 Nxh5 30. Be5 Rxf2+ 31. Kg1 Rf5 32. Re6 Nf6 33. Re7 Kg6 34. h4 Rf3 35. Kg2 Rd3 36. Rxa7 Rd2+ 37. Kf1 Kf5 38. Bc7 e3 39. Bxb6 Ne4 40.
Re7 Rf2+ 41. Ke1 Rxa2 42. Bc7 Nxc3 43. Rxe3 Ra1+ 44. Kd2 Ne4+ 45. Kc2 Ra2+ 46. Kb3 Rf2 47. Kc4 Nf6 48. Kxc5 Rc2+ 49. Kd6 Ne4+ 50. Kd7 Nf6+ 51. Kd8 Rd2+ 52. Kc8 Rc2 53. Kb8 Rxc7 54. Rf3+ Kg4 55.
Rf1 Rf7 56. Rh1 Nh5 57. Rg1+ Ng3 58. Rh1 Rf6 59. Kc8 Rh6 60. Rg1 Rxh4 61. Ra1 Rh6 62. Ra4+ Kg5 63. Ra3 Nf5 64. Ra4 Rf6 65. Kd7 Kh6 66.
Ra5 Kg6 67. Ra4 Nh6 68. Ra3 Kf7 69. Rg3 Ng8 70. Re3 g5 71. Rg3 Kg6 72. Rg1 Nh6 73.
Ke7 g4 74. Rh1 Kg5 75. Rg1 Ra6 76. Rb1 Nf5+ 77. Kf7 g3 78. Rb3 Rf6+ 79. Kg8 Kg4 80.
Rb4+ Kf3 81. Rb3+ Ne3 82. Rb4 g2 83. Rb1 Kf2 84. Rb2+ Kg1 85. Rb1+ Rf1 86. Rb2 Kh1 87. Rb4 g1=Q+ 88. Kh8 Rf8+ 89. Kh7 Rf7+ 90. Kh6 Nf5+ 91. Kh5 Rh7# 0-1